 Dungeon Crawl Stone Soup version 0.27.1-2-g3b301248ec (webtiles) character file.

Game seed: 6380454384104749693

56 Borgoz the Skirmisher (level 3, -1/24 HPs)
             Began as a Gargoyle Berserker on Sept 26, 2021.
             Was a Believer of Trog.
             Slain by an adder (3 damage)
             ... on level 2 of the Dungeon.
             The game lasted 00:01:17 (1274 turns).

Borgoz the Skirmisher (Gargoyle Berserker)          Turns: 1274, Time: 00:01:18

Health: -1/24      AC: 10    Str: 21    XL:     3   Next: 97%
Magic:  3/3        EV: 10    Int:  7    God:    Trog [**....]
Gold:   43         SH:  0    Dex:  9    Spells: 2/2 levels left

rFire    . . .     SeeInvis .   a - +0 mace
rCold    . . .     Faith    .   (no shield)
rNeg     + . .     Spirit   .   k - +0 scale mail
rPois    ∞         Reflect  .   (no helmet)
rElec    +         Harm     .   (no cloak)
rCorr    .         Rampage  .   (no gloves)
Will     .....                  (no boots)
Stlth    ..........             (no amulet)
HPRegen  0.08/turn              (no ring)
MPRegen  0.08/turn              (no ring)

@: no status effects
A: sickness immunity, AC +3, negative energy resistance 1, electricity
resistance, torment resistance 1, petrification resistance
a: Renounce Religion, Berserk, Trog's Hand


You were on level 2 of the Dungeon.
You worshipped Trog.
Trog was pleased with you.
You visited 1 branch of the dungeon, and saw 2 of its levels.

You collected 43 gold pieces.

Inventory:

Hand Weapons
 a - a +0 mace (weapon)
Armour
 k - a +0 scale mail (worn)
Scrolls
 b - a scroll of fear {unknown}
 c - 4 scrolls of blinking {unknown}
 d - 4 scrolls of identify {unknown}
 g - a scroll of amnesia {unknown}
 h - a scroll of enchant weapon {unknown}
 i - a scroll of teleportation {unknown}
 j - a scroll of magic mapping {unknown}
 l - a scroll of immolation {unknown}
Potions
 e - a potion of heal wounds {unknown}
 f - a potion of curing {unknown}
 m - a potion of attraction {unknown}


   Skills:
 + Level 3.8 Fighting
 + Level 3.5 Maces & Flails
 + Level 2.9 Armour
 + Level 2.1 Dodging


You had 2 spell levels left.
You didn't know any spells.
Your spell library was empty.

Dungeon Overview and Level Annotations

Branches:
Dungeon (2/15)

Altars:
Qazlal


Innate Abilities, Weirdness & Mutations

You are immune to sickness and miasma.
Your stone body is resilient. (AC +3)
You are immune to poison.
You resist negative energy. (rN+)
You are resistant to electric shocks. (rElec)
You are resistant to unholy torment.
You are immune to petrification.


Message History

You feel yourself speed up.
You start resting.
An adder comes into view.
An adder is nearby!
You are too injured to fight recklessly!
You are too injured to fight recklessly!
The adder hisses angrily.
The adder closely misses you. x2
You completely miss the adder. The adder bites you but does no damage.
You barely miss the adder. The adder closely misses you. x2
You closely miss the adder. The adder misses you. The adder barely misses you.
You hit the adder.
The adder is lightly wounded.
The adder bites you but does no damage.
You miss the adder.
The adder is lightly wounded.
The adder bites you but does no damage. The adder barely misses you.
You closely miss the adder.
The adder is lightly wounded.
The adder bites you but does no damage.
You closely miss the adder.
The adder is lightly wounded.
The adder closely misses you. The adder barely misses you.
You closely miss the adder.
The adder is lightly wounded.
The adder closely misses you. The adder barely misses you.
You barely miss the adder.
The adder is lightly wounded.
You recover from your berserk rage.
The adder barely misses you.
You barely miss the adder.
The adder is lightly wounded.
The adder bites you.
* * * LOW HITPOINT WARNING * * *
The adder bites you.
* * * LOW HITPOINT WARNING * * *
You miss the adder.
The adder is lightly wounded.
The adder bites you.
You die...

#......##..# #..#
#.##.#####.####..## ..
#.### #.#......# # . #
#...# #......... .
..### # #.####.......#
#
.....####............#
.........†.....###..###
. .#####..##|.†## .## .
#.... ##@####.####.###
# #.##.#
#S####.........
...#..##)†.>....##.#.#
.#..#....#.####.#
.........#..##...)
....#.##...........#
..#...h.....#........ .
##......####.......
#..#..........^..##


You could see an adder.

Vanquished Creatures
  An adder (D:2)
  2 worms (D:2)
  A dart slug (D:1)
  3 endoplasms
  4 giant cockroaches
  A goblin (D:2)
  3 hobgoblins (D:1)
  3 jackals (D:2)
  2 kobolds (D:1)
  2 quokkas (D:1)
  3 ball pythons (D:1)
  4 bats
  4 frilled lizards
  5 rats
38 creatures vanquished.

Notes
Turn   | Place    | Note
-------+----------+-------------------------------------------
     0 | D:1      | Borgoz the Gargoyle Berserker began the quest for the Orb.
     0 | D:1      | Reached XP level 1. HP: 14/14 MP: 1/1
   357 | D:1      | Reached XP level 2. HP: 19/19 MP: 2/2
   790 | D:1      | Found a stormy altar of Qazlal.
   804 | D:1      | Reached XP level 3. HP: 20/23 MP: 3/3
   987 | D:2      | Reached ** piety under Trog
  1274 | D:2      | Slain by an adder

Illustrated notes

Levels and vault maps discovered:
D:1:      wander_arrival_desolate, layout_loops_cross, minmay_misc_feat_tiny,
          minmay_hexomino_r4
D:2:      layout_rooms

Skill      XL: |  1  2  3 |
---------------+----------+-----
Dodging        | 2 |  2.1
Fighting       | |  3.8
Maces & Flails | |  3.5
Armour         | |  2.9

Action                   || total
-------------------------++-------
Melee: Mace              ||   139
Invok: Berserk           ||     3
Armor: Animal skin       ||    27
       Scale mail        ||    60
Dodge: Dodged            ||   138
